 Dungeon Crawl Stone Soup version 0.30.0-15-g856e2d3f33 (webtiles) character file.

Game seed: 2384373017179650285

74 qw the Chopper (level 4, -2/28 HPs)
             Began as a Gargoyle Fighter on May 19, 2023.
             Slain by a gnoll
             ... wielding a +0 club
              (3 damage)
             ... on level 2 of the Dungeon.
             The game lasted 00:00:36 (1166 turns).

qw the Chopper (Gargoyle Fighter)                   Turns: 1166, Time: 00:00:37

Health: -2/28      AC: 10    Str: 22    XL:     4   Next: 28%
Magic:  4/4        EV:  5    Int:  8    God:
Gold:   29         SH:  0    Dex:  9    Spells: 3/3 levels left

rFire   . . .        Y - +0 war axe
rCold   . . .        c - +0 buckler
rNeg    + . .        b - +0 scale mail
rPois   inf          (no helmet)
rElec   +            (no cloak)
rCorr   .            (no gloves)
SInv    .            (no boots)
Will    .....        (no amulet) Stlth
                     (no ring)
HPRegen 0.24/turn    (no ring)
MPRegen 0.09/turn

%: no passive effects
@: about to teleport, held
A: sickness immunity, AC +3, negative energy resistance 1, electricity
resistance, torment resistance 1, petrification resistance
a: no special abilities


You were on level 2 of the Dungeon.
You visited 1 branch of the dungeon, and saw 2 of its levels.

You collected 29 gold pieces.


Innate Abilities, Weirdness & Mutations

You are immune to sickness and miasma.
Your stone body is resilient. (AC +3)
You are immune to poison.
You resist negative energy. (rN+)
You are resistant to electric shocks. (rElec)
You are resistant to unholy torment.
You are immune to petrification.


   Skills:
 - Level 3.2 Fighting
 + Level 4.0 Axes
 - Level 3.2 Armour
 - Level 3.2 Shields


You had 3 spell levels left.
You didn't know any spells.
Your spell library was empty.

Inventory:

Hand Weapons
 l - a +0 flail
 Y - a +0 war axe (weapon)
Armour
 b - a +0 scale mail (worn)
 c - a +0 buckler (worn)
Scrolls
 a - a scroll of teleportation
Potions
 d - a potion of might
 e - a potion of brilliance {unknown}
 g - 2 potions of haste {unknown}

Dungeon Overview and Level Annotations

Branches:
Dungeon (2/15)

Altars:

Shops:
D:2 (


Message History

g - 2 cyan potions (gained 1)
There is a faded altar of an unknown god here.
A giant cockroach comes into view.
You slash the giant cockroach!
You kill the giant cockroach!
You hit the plant but do no damage. You hit the fungus.
The fungus begins to die.
You hit the fungus but do no damage. You hit the plant.
The plant begins to die.
Found a spear.
Found a stone staircase leading down.
You see here a giant cockroach corpse. 4 gnolls come into view.
A gnoll is wielding a +1 whip of freezing.
Found a knobbly glowing staff and a fizzy coppery potion.
Found a stone staircase leading up.
The gnoll shouts! x4
A kobold comes into view. It is wielding a +0 short sword.
The gnoll throws a throwing net.
The throwing net hits you.
You become entangled in the net!
You see here a throwing net.
Enter note:
1159 ||| Stepping ~*~*~tactically~*~*~ (stealth).
You struggle against the net.
The kobold shouts!
A nearby fungus withers and dies.
A nearby plant withers and dies.
The gnoll hits you with a +0 flail. The gnoll barely misses you.
The gnoll hits you with a +0 flail. The gnoll hits you but does no damage.
The gnoll hits you with a +1 whip of freezing.
The gnoll freezes you. The gnoll hits you but does no damage.
The gnoll hits you with a +0 club. The gnoll hits you with a +0 flail.
The gnoll hits you with a +1 whip of freezing.
The gnoll freezes you. The gnoll hits you with a +0 club.
The gnoll hits you but does no damage.
1166 ||| READING 2 scrolls of teleportation.
As you read the scroll of teleportation, it crumbles to dust.
You feel strangely unstable.
The gnoll hits you with a +1 whip of freezing.
The gnoll freezes you. The gnoll hits you with a +0 club.
You die...

..##......P#.PP...P# ##
#.##.PP.P..#..PPP..##.#
.#P....PP..#P..PPPP.P#
##.....(P.._..P..PPP.#
##......P..#P.......P#
#.##......P#.......## #
####..PP.P.#.P..P..#
..# #
#.###....#..P%###...<.
#
####.#########@.$.....
. ### ......ggg?...).
......gK.......
...............
...|.....##...#
........## ####
......!># ........#


You could see 4 gnolls and a kobold.

Vanquished Creatures
  Jessica (D:2)
  A gnoll (D:1)
  A worm (D:2)
  A dart slug (D:1)
  2 endoplasms (D:1)
  A giant cockroach (D:2)
  2 goblins
  2 hobgoblins (D:1)
  6 jackals
  3 kobolds (D:1)
  A quokka (D:1)
  3 ball pythons
  A bat (D:1)
  A frilled lizard (D:2)
  5 rats
31 creatures vanquished.

Notes
Turn   | Place    | Note
-------+----------+-------------------------------------------
     0 | D:1      | qw the Gargoyle Fighter began the quest for the Orb.
     0 | D:1      | Reached XP level 1. HP: 14/14 MP: 1/1
     0 | D:1      | 0 ||| qw: Version: 0.2-a-96-g8eb1148
     0 | D:1      | 0 ||| qw: Game counter: 14
     0 | D:1      | 0 ||| qw: Always use a shield: true
     0 | D:1      | 0 ||| qw: God list: Okawaru
     0 | D:1      | 0 ||| qw: Allow faded altars: false
     0 | D:1      | 0 ||| qw: Do Orc after D:15 true
     0 | D:1      | 0 ||| qw: Do second Lair branch before Depths: true
     0 | D:1      | 0 ||| qw: Lair rune preference: random
     0 | D:1      | 0 ||| qw: Plans: Normal, Zot:1-4, God:TSO, Crypt, Tomb,
                  | Pan, Slime:5, Hells, Abyss, Win
     0 | D:1      | 0 ||| PLANNING D:1-11
    36 | D:1      | Reached skill level 2 in Axes
   166 | D:1      | Reached XP level 2. HP: 16/19 MP: 2/2
   361 | D:1      | 361 ||| Stepping ~*~*~tactically~*~*~ (hiding).
   510 | D:1      | Reached skill level 3 in Axes
   552 | D:1      | Reached XP level 3. HP: 23/23 MP: 3/3
   565 | D:1      | 565 ||| DROPPING +0 club.
   921 | D:1      | 921 ||| DROPPING ring of magical power.
   922 | D:1      | 922 ||| READING 2 scrolls labelled CUTUAN QAUWN.
   926 | D:1      | 926 ||| READING scroll labelled HIPTUSCH IMAELU.
   927 | D:1      | 927 ||| READING 2 scrolls labelled CEEKHI MOIROCA.
   928 | D:1      | 928 ||| READING scroll labelled ORI VIETOTOPLO.
   929 | D:1      | 929 ||| READING scroll labelled HUNUN QEYPTU.
   930 | D:1      | 930 ||| DROPPING scroll of immolation.
   960 | D:2      | 960 ||| STAIRDANCE
  1024 | D:2      | Noticed Jessica
  1025 | D:2      | 1025 ||| Stepping ~*~*~tactically~*~*~ (hiding).
  1028 | D:2      | 1028 ||| Stepping ~*~*~tactically~*~*~ (hiding).
  1031 | D:2      | 1031 ||| Stepping ~*~*~tactically~*~*~ (hiding).
  1033 | D:2      | 1033 ||| Stepping ~*~*~tactically~*~*~ (hiding).
  1039 | D:2      | Killed Jessica
  1040 | D:2      | Reached XP level 4. HP: 25/28 MP: 4/4
  1056 | D:2      | Found Zeriesek's Weapon Shop.
  1093 | D:2      | Reached skill level 4 in Axes
  1111 | D:2      | Found a faded altar of an unknown god.
  1159 | D:2      | 1159 ||| Stepping ~*~*~tactically~*~*~ (stealth).
  1165 | D:2      | HP: 7/28 [gnoll/+1 whip of freezing (3)]
  1165 | D:2      | HP: 3/28 [gnoll/+0 club (2)]
  1166 | D:2      | 1166 ||| READING 2 scrolls of teleportation.
  1166 | D:2      | HP: 1/28 [gnoll/+1 whip of freezing (1)]
  1166 | D:2      | Slain by a gnoll

Levels and vault maps discovered:
D:1:      reono_arrival_mine, layout_loops_ring
D:2:      layout_rooms, shapermc_ecumenical_altar_gd, serial_shops, shop,
          uniq_jessica

Skill      XL: |  1  2  3  4 |
---------------+-------------+-----
Axes           | 2 3 4 |  4.0
Fighting       | |  3.2
Armour         | |  3.2
Shields        | |  3.2

Action                     |  1- 3 |  4- 6 || total
---------------------------+-------+-------++-------
  Melee: War axe           |    49 |    10 ||    59
    Use: Scroll            |     5 |     1 ||     6
 Armour: Scale mail        |    22 |    10 ||    32
  Dodge: Dodged            |    14 |     2 ||    16
  Block: Buckler           |     7 |     1 ||     8

Table legend:
 A = Non-vault XP
 B = Vault XP
 C = Vault XP percentage of total XP
 D = Non-vault monster count
 E = Vault monster count
 F = Vault count percentage of total count
                 A         B        C        D         E       F
            +---------+---------+-------+---------+---------+-------
      Total |      69 |      37 |  34.9 |      30 |       1 |   3.2
            +---------+---------+-------+---------+---------+-------
        D:1 |      47 |       0 |   0.0 |      19 |       0 |   0.0
        D:2 |      22 |      37 |  62.7 |      11 |       1 |   8.3
            +---------+---------+-------+---------+---------+-------
